 Dungeon Crawl Stone Soup version 0.31-a0-859-g9dce7d3444 (webtiles) character file.

Game seed: 5972956044057735842

301 Shayle the Insei (level 6, -18/47 HPs)
             Began as a Human Shapeshifter on Oct 10, 2023.
             Was an Initiate of Gozag.
             Demolished by an ogre
             ... wielding a +0 giant club
              (30 damage)
             ... on level 4 of the Dungeon.
             The game lasted 00:07:33 (3526 turns).

Shayle the Insei (Human Shapeshifter)               Turns: 3526, Time: 00:07:33

Health: -18/47     AC:  2    Str: 14    XL:     6   Next: 64%
Magic:  6/6        EV: 18    Int: 10    God:    Gozag
Gold:   281        SH:  0    Dex: 15    Spells: 5/5 levels left

rFire   . . .        g - +0 mace (heavy)
rCold   + . .        (no shield)
rNeg    . . .        a - +0 animal skin
rPois   .            (helmet currently unavailable)
rElec   .            (cloak currently unavailable)
rCorr   .            (gloves currently unavailable)
SInv    .            (boots currently unavailable)
Will    .....        l - amulet of magic regeneration
Stlth   +            u - ring of protection from cold
HPRegen 0.27/turn    v - +5 ring of evasion
MPRegen 0.50/turn

%: no passive effects
@: beast-form
A: beast (slay +2)
a: Begin Untransformation, Renounce Religion, Potion Petition, Call Merchant,
Bribe Branch


You were on level 4 of the Dungeon.
You worshipped Gozag.
Gozag was aware of your devotion.
You were a hulking beast.
You visited 1 branch of the dungeon, and saw 4 of its levels.

You collected 326 gold pieces.
You paid 45 gold pieces to Gozag.

Inventory:

Hand Weapons
 g - a +0 heavy mace (weapon)
 r - a +2 short sword of holy wrath
Armour
 a - a +0 animal skin (worn)
Jewellery
 l - an amulet of magic regeneration (around neck)
 u - a ring of protection from cold (left hand)
 v - a +5 ring of evasion (right hand)
Talismans
 c - a beast talisman (active)
 d - a flux talisman
 e - a dragon-blood talisman
Wands
 h - a wand of flame (20)
 o - a wand of digging (5)
Scrolls
 b - a scroll of fog
 i - a scroll of enchant armour {unknown}
 p - 3 scrolls of identify {unknown}
 q - a scroll of teleportation {unknown}
Potions
 f - a potion of brilliance {unknown}
 j - 2 potions of degeneration {unknown}
 k - 2 potions of heal wounds {unknown}
 n - a potion of curing
 s - 2 potions of attraction {unknown}
 t - a potion of enlightenment {unknown}


   Skills:
 + Level 3.1 Fighting
 + Level 3.6 Dodging
 + Level 4.2 Unarmed Combat
 + Level 4.0 Shapeshifting


You had 5 spell levels left.
You didn't know any spells.
Your spell library contained the following spells:

 Spells                   Type           Power      Damage    Failure   Level
 Freeze                   Ice            0%         1d3       36%         1
 Poisonous Vapours        Pois/Air       0%         N/A       50%         2
 Frozen Ramparts          Ice            0%         1d1       75%         3
 Hailstorm                Conj/Ice       0%         3d3       75%         3
 Inner Flame              Hex/Fire       0%         N/A       75%         3
 Mephitic Cloud           Conj/Pois/Air  0%         N/A       75%         3
 Ozocubu's Armour         Ice            0%         N/A       75%         3
 Freezing Cloud           Conj/Ice/Air   0%         6-21      100%        5
 Yara's Violent Unravell  Hex/Tmut       0%         3d3       100%        5
 Enfeeble                 Hex            0%         N/A       100%        7
 Ozocubu's Refrigeration  Ice            0%         4d7       100%        7


Dungeon Overview and Level Annotations

Branches:
Dungeon (4/15)
 Temple: D:4-7

Altars:
Gozag
Makhleb
Sif Muna

Annotations:
D:3 2 transporters, CowFu's ghost, weakling GnDe


Message History

You now have 267 gold pieces (gained 1).
You now have 281 gold pieces (gained 14).
p - 3 scrolls labelled VEIGAA WETAIR (gained 1)
Found a stone staircase leading down.
An adder comes into view.
The adder hisses angrily.
An ogre comes into view. It is wielding a +0 giant club.
The ogre shouts!
You hit the adder.
The adder is heavily wounded.
The adder closely misses you. The adder barely misses you. The ogre misses you.
The adder completely misses you.
You closely miss the adder.
The adder is heavily wounded.
The adder bites you.
You are poisoned.
The adder poisons you! The ogre barely misses you. The adder barely misses you.
The ogre closely misses you.
You feel sick. The adder closely misses you.
You feel sick. The ogre attacks as it pursues you! The ogre closely misses you.
You feel sick.
You sock the ogre! You punch the ogre.
The ogre is heavily wounded.
You feel sick.
You are no longer poisoned.
The ogre hits you with a +0 giant club!
You hit the ogre but do no damage.
The ogre is heavily wounded.
The ogre completely misses you. The ogre misses you.
You feel better.
You barely miss the ogre.
The ogre is heavily wounded.
The ogre misses you. The ogre hits you with a +0 giant club!
* * * LOW HITPOINT WARNING * * *
You closely miss the ogre.
The ogre is heavily wounded.
The ogre hits you with a +0 giant club!!
Ouch! That really hurt!
You die...
Your body crumbles into a pile of gold.

.#.# #.# #.#
### #.# ..# #
#.# #.#
.####.#.####.##
.........S...>#
#########O##..#
#h##..# #.##..#
..##..#
#######..# .#
.........#
###.#..
########.#
)...#.. #.#
#####.. #.# #
## . ##.####


You could see an ogre and an adder.

Vanquished Creatures
  An orc priest (D:4)
  An iguana (D:4)
  2 orc wizards (D:3)
  Natasha (twice) (D:2)
  4 adders
  An ufetubus (D:4)
  2 dart slugs
  8 orcs
  3 ball pythons
  5 bats
  7 endoplasms
  5 giant cockroaches
  3 goblins (D:3)
  7 hobgoblins
  3 quokkas
  4 frilled lizards
  7 kobolds
  4 rats
69 creatures vanquished.

Vanquished Creatures (collateral kills)
  An orc wizard (D:4)
1 creature vanquished.

Grand Total: 70 creatures vanquished

Notes
Turn   | Place    | Note
-------+----------+-------------------------------------------
     0 | D:1      | Shayle the Human Shapeshifter began the quest for the Orb.
     0 | D:1      | Reached XP level 1. HP: 15/15 MP: 1/1
   210 | D:1      | Reached XP level 2. HP: 19/21 MP: 2/2
  1264 | D:2      | Noticed Natasha
  1289 | D:2      | Killed Natasha
  1290 | D:2      | Reached XP level 3. HP: 27/27 MP: 3/3
  1371 | D:2      | Reached XP level 4. HP: 29/33 MP: 4/4
  1702 | D:2      | Noticed Natasha
  1713 | D:2      | Killed Natasha
  1970 | D:3      | Reached XP level 5. HP: 38/38 MP: 5/5
  2201 | D:3      | Found a transporter.
  2207 | D:3      | Noticed CowFu's ghost (weakling GnDe)
  2217 | D:3      | Found a transporter.
  2429 | D:3      | Found an opulent altar of Gozag.
  2444 | D:3      | Became a worshipper of Gozag Ym Sagoz the Greedy
  2849 | D:3      | Found a shimmering blue altar of Sif Muna.
  3037 | D:4      | Reached XP level 6. HP: 41/46 MP: 6/6
  3312 | D:4      | Found a burning altar of Makhleb.
  3515 | D:4      | Noticed an ogre
  3526 | D:4      | Demolished by an ogre

Illustrated notes

Levels and vault maps discovered:
D:1:      dpeg_arrival_leaves_temple_mockup, layout_basic, minmay_liquid_box
D:2:      layout_basic, uniq_natasha
D:3:      layout_loops_corners, kennysheep_orc_sif_temple,
          mainiacjoe_overflow_tiny_flanked, gammafunk_ghost_arena,
          minmay_between
D:4:      layout_basic, mainiacjoe_overflow_24_doors, serial_co_window_serial,
          co_window_corner_a, co_window_paths_b, co_window_paths_a,
          co_window_paths_a, co_window_paths_b, co_window_of_opportunity_c,
          co_window_broadway_b, co_window_unsneaky_path_d,
          co_window_of_opportunity_b, co_window_4corner_b, saegor_snake_ambush

Skill      XL: |  1  2  3  4  5  6 |
---------------+-------------------+-----
Fighting       | 2 3 |  3.1
Dodging        | 3 |  3.6
Unarmed Combat | 4 |  4.2
Shapeshifting  | 4 |  4.0

Action                     |  1- 3 |  4- 6 || total
---------------------------+-------+-------++-------
  Melee: Unarmed           |    45 |       ||    45
         Mace              |    12 |   114 ||   126
         Punch             |       |     2 ||     2
    Use: Potion            |     1 |     3 ||     4
         Scroll            |       |     3 ||     3
   Stab: Sleeping          |     3 |     4 ||     7
 Armour: Animal skin       |    14 |    77 ||    91
         Skin              |    19 |    34 ||    53
  Dodge: Dodged            |    30 |   142 ||   172

Table legend: (Time is in decaauts)
 A = Elapsed time spent in this place.
 B = Non-inter-level travel time spent in this place.
 C = Inter-level travel time spent in this place.
 D = Time resting spent in this place.
 E = Time spent auto-exploring this place.
 F = Levels seen in this place.
 G = Mean time per level.
                   A        B        C        D        E       F      G
               +--------+--------+--------+--------+--------+-----+--------+
         Total |   3681 |   3595 |     86 |    291 |   2345 |   4 |  920.2 |
       Dungeon |   3681 |   3595 |     86 |    291 |   2345 |   4 |  920.2 |
               +--------+--------+--------+--------+--------+-----+--------+

Top non-repeatable levels by time:
     D:1: 1237 daAuts
     D:3: 1051 daAuts
     D:2: 758 daAuts
     D:4: 634 daAuts
